General information
- name: BNet
- type: Ladder team game (AT/RT)
- host: Battle.net
- saver: Teelo
map: Friends
- players: 8
- length: 126:16
- speed: Fast
- version: 1.26 W3XP
- replay type: Public
» download(742 KB)
Players
team 1 (loser)

»
Teelo (
orange | 56 APM | 7051 actions | 126:16)
10 Pandaren Brewmaster
3 Breath of Fire
3 Drunken Haze
1 Storm Earth and Fire
3 Drunken Brawler
4 Warden
2 Blink
2 Shadow Strike
2 Priestess of the Moon
1 Scout
1 Trueshot Aura
» actions
| Assign group hotkey | 748 | |
| Basic commands | 206 | |
| Build / train | 316 | |
| ESC pressed | 9 | |
| Enter build submenu | 82 | |
| Enter hero's abilities submenu | 16 | |
| Give item / drop item | 4 | |
| Remove unit from queue | 20 | |
| Right click | 3112 | |
| Select / deselect | 1098 | |
| Select group hotkey | 906 | |
| Use ability | 534 | |
7051 total
» units
| Wisp | 115 | |
| Archer | 4 | |
| Huntress | 5 | |
| Dryad | 14 | |
| Mountain Giant | 6 | |
| Goblin Zeppelin | 4 | |
| Chimaera | 25 | |
173 total
» upgrades
| Ultravision | 1 | |
| Strength of the Wild | 3 | |
| Reinforced Hides | 3 | |
| Nature's Blessing | 1 | |
| Sentinel | 1 | |
| Improved Bows | 1 | |
| Abolish Magic | 1 | |
| Well Spring | 2 | |
| Hardened Skin | 1 | |
| Resistant Skin | 1 | |
| Corrosive Breath | 1 | |
| Strength of the Moon | 4 | |
| Moon Armor | 4 | |
24 total
» buildings
| Moon Well | 32 | |
| Ancient of War | 1 | |
| Altar of Elders | 3 | |
| Hunter's Hall | 2 | |
| Ancient of Wonders | 10 | |
| Tree of Ages | 13 | |
| Ancient of Lore | 8 | |
| Ancient Protector | 5 | |
| Tree of Life | 13 | |
| Tree of Eternity | 7 | |
| Ancient of Wind | 3 | |
| Chimaera Roost | 11 | |
108 total
» build order
00:20 Moon Well
00:46 Ancient of War
00:49 Moon Well
01:49 Altar of Elders
02:27 Hunter's Hall
02:39 Moon Well
03:35 Ancient of Wonders
03:51 Tree of Ages
06:23 Ancient of Lore
06:32 Moon Well
06:37 Moon Well
08:47 Ancient of Lore
09:58 Ancient of Wonders
10:19 Ancient Protector
10:21 Ancient Protector
10:24 Ancient Protector
14:03 Tree of Life
14:31 Tree of Eternity
15:29 Moon Well
15:33 Moon Well
15:37 Moon Well
22:38 Tree of Ages
24:15 Ancient of Lore
24:19 Ancient of Lore
24:29 Ancient of Lore
26:28 Ancient of Wonders
26:46 Ancient of Wonders
28:08 Moon Well
33:58 Tree of Life
38:11 Tree of Life
39:34 Tree of Eternity
40:36 Tree of Ages
40:40 Ancient of Wind
40:44 Ancient of Wind
41:01 Ancient of Wonders
42:06 Chimaera Roost
42:06 Chimaera Roost
42:08 Chimaera Roost
42:15 Chimaera Roost
45:58 Tree of Life
46:21 Tree of Ages
49:58 Ancient of Wonders
51:39 Tree of Life
53:26 Ancient of Wonders
55:03 Moon Well
55:06 Moon Well
55:09 Moon Well
61:10 Tree of Life
61:14 Tree of Life
61:20 Tree of Life
61:27 Tree of Life
62:43 Ancient of Lore
62:46 Ancient of Lore
64:34 Ancient of Wonders
65:36 Tree of Ages
65:42 Tree of Ages
65:58 Tree of Ages
66:30 Tree of Ages
66:40 Ancient of Lore
70:55 Moon Well
70:56 Moon Well
71:01 Altar of Elders
71:51 Moon Well
71:55 Moon Well
72:17 Tree of Eternity
72:19 Tree of Eternity
72:26 Tree of Ages
73:35 Tree of Life
73:50 Tree of Life
75:36 Altar of Elders
75:44 Tree of Life
75:53 Ancient of Wind
76:02 Hunter's Hall
76:07 Moon Well
76:10 Moon Well
76:19 Moon Well
76:20 Moon Well
76:22 Moon Well
76:23 Moon Well
76:42 Moon Well
76:43 Moon Well
76:45 Moon Well
76:49 Moon Well
76:50 Moon Well
76:52 Moon Well
77:16 Moon Well
77:17 Moon Well
77:19 Moon Well
77:21 Moon Well
77:29 Ancient of Wonders
77:35 Ancient of Wonders
77:40 Tree of Ages
77:47 Tree of Ages
81:29 Tree of Eternity
83:51 Chimaera Roost
83:53 Chimaera Roost
83:54 Chimaera Roost
83:57 Chimaera Roost
84:14 Tree of Life
85:07 Tree of Ages
87:34 Ancient Protector
87:54 Tree of Ages
90:19 Tree of Eternity
91:31 Chimaera Roost
91:32 Chimaera Roost
91:33 Chimaera Roost
93:26 Tree of Eternity
111:42 Ancient Protector
» items
| Moonstone | 2 | |
| Lesser Clarity Potion | 7 | |
| Staff of Preservation | 1 | |
| Dust of Appearance | 4 | |
| Potion of Healing | 13 | |
| Scroll of Town Portal | 19 | |
| Orb of Venom | 2 | |
| Potion of Mana | 5 | |
| Scroll of Regeneration | 4 | |
| Belt of Giant Strength +6 | 1 | |
| Ankh of Reincarnation | 1 | |
| Anti-magic Potion | 1 | |
60 total
GodDamnSnack (
pink | 45 APM | 5653 actions | 124:23)
10 Mountain King
3 Storm Bolt
3 Bash
1 Avatar
3 Thunder Clap
1 Keeper of the Grove
1 Force of Nature
4 Archmage
2 Brilliance Aura
2 Blizzard
» actions
| Assign group hotkey | 14 | |
| Basic commands | 27 | |
| Build / train | 285 | |
| ESC pressed | 14 | |
| Enter build submenu | 146 | |
| Enter hero's abilities submenu | 15 | |
| Give item / drop item | 1 | |
| Right click | 2420 | |
| Select / deselect | 1482 | |
| Select group hotkey | 74 | |
| Use ability | 1175 | |
5653 total
» units
| Peasant | 55 | |
| Goblin Shredder | 4 | |
| Gryphon Rider | 22 | |
| Goblin Zeppelin | 1 | |
| Goblin Sapper | 1 | |
| Mortar Team | 6 | |
89 total
» upgrades
| Masonry | 3 | |
| Lumber Harvesting | 2 | |
| Storm Hammers | 1 | |
| Swords | 3 | |
| Armor | 3 | |
| Magic Sentry | 1 | |
| Gunpowder | 2 | |
| Fragmentation Shards | 1 | |
| Flare | 1 | |
17 total
» buildings
| Altar of Kings | 2 | |
| Farm | 24 | |
| Lumber Mill | 4 | |
| Keep | 2 | |
| Castle | 2 | |
| Gryphon Aviary | 4 | |
| Scout Tower | 957 | |
| Arcane Tower | 1 | |
| Guard Tower | 151 | |
| Blacksmith | 2 | |
| Town Hall | 5 | |
| Arcane Sanctum | 1 | |
| Arcane Vault | 1 | |
| Workshop | 2 | |
1158 total
» build order
00:18 Altar of Kings
00:21 Farm
00:58 Farm
01:50 Lumber Mill
02:47 Keep
05:24 Castle
05:26 Gryphon Aviary
05:29 Gryphon Aviary
05:30 Scout Tower
05:31 Scout Tower
05:32 Scout Tower
06:14 Arcane Tower
06:25 Guard Tower
06:58 Guard Tower
07:23 Farm
07:25 Farm
07:27 Farm
09:06 Scout Tower
09:50 Guard Tower
11:40 Farm
11:42 Farm
11:43 Farm
12:47 Blacksmith
13:25 Farm
14:13 Farm
14:14 Farm
17:24 Town Hall
18:37 Town Hall
20:39 Scout Tower
20:40 Scout Tower
20:40 Scout Tower
20:41 Scout Tower
20:43 Scout Tower
20:43 Scout Tower
20:45 Scout Tower
20:46 Scout Tower
20:47 Scout Tower
20:48 Scout Tower
20:49 Scout Tower
20:50 Scout Tower
20:52 Scout Tower
21:04 Scout Tower
21:04 Scout Tower
21:07 Scout Tower
21:08 Scout Tower
21:10 Scout Tower
21:11 Scout Tower
21:12 Scout Tower
21:13 Scout Tower
21:14 Scout Tower
22:16 Scout Tower
22:17 Scout Tower
22:18 Scout Tower
22:19 Scout Tower
22:20 Scout Tower
22:22 Scout Tower
22:48 Scout Tower
22:49 Scout Tower
22:49 Scout Tower
22:51 Scout Tower
22:52 Scout Tower
22:53 Scout Tower
22:55 Scout Tower
22:57 Scout Tower
22:57 Scout Tower
22:59 Scout Tower
23:03 Guard Tower
23:05 Scout Tower
23:06 Scout Tower
23:59 Scout Tower
24:01 Scout Tower
24:07 Scout Tower
24:08 Scout Tower
24:09 Scout Tower
24:10 Scout Tower
24:11 Scout Tower
24:12 Scout Tower
24:14 Scout Tower
24:15 Scout Tower
24:17 Scout Tower
24:18 Scout Tower
24:19 Scout Tower
24:21 Scout Tower
24:22 Scout Tower
24:46 Scout Tower
24:47 Scout Tower
24:48 Scout Tower
24:52 Guard Tower
24:52 Guard Tower
24:57 Guard Tower
25:10 Guard Tower
25:29 Guard Tower
25:34 Guard Tower
25:38 Scout Tower
26:02 Scout Tower
26:03 Scout Tower
26:06 Scout Tower
26:09 Scout Tower
26:11 Scout Tower
26:12 Scout Tower
26:12 Scout Tower
26:13 Scout Tower
26:41 Guard Tower
26:46 Scout Tower
26:47 Scout Tower
26:49 Scout Tower
26:49 Scout Tower
27:06 Guard Tower
27:18 Scout Tower
27:19 Scout Tower
27:20 Scout Tower
27:21 Scout Tower
27:21 Scout Tower
27:23 Scout Tower
27:24 Scout Tower
27:26 Scout Tower
27:29 Scout Tower
27:30 Scout Tower
27:33 Scout Tower
27:35 Scout Tower
27:37 Scout Tower
27:38 Scout Tower
27:39 Scout Tower
27:40 Scout Tower
27:40 Scout Tower
29:10 Guard Tower
29:13 Scout Tower
29:14 Scout Tower
29:15 Scout Tower
29:17 Scout Tower
29:18 Scout Tower
29:19 Scout Tower
29:20 Scout Tower
29:21 Scout Tower
29:22 Scout Tower
29:23 Scout Tower
29:53 Guard Tower
30:34 Guard Tower
30:37 Scout Tower
30:38 Scout Tower
30:39 Scout Tower
30:40 Scout Tower
30:41 Scout Tower
30:42 Scout Tower
30:43 Scout Tower
30:44 Scout Tower
30:49 Scout Tower
30:53 Scout Tower
30:59 Scout Tower
31:00 Scout Tower
31:01 Scout Tower
31:09 Guard Tower
31:13 Scout Tower
31:15 Scout Tower
31:18 Guard Tower
31:28 Scout Tower
31:37 Guard Tower
31:43 Scout Tower
31:44 Scout Tower
31:48 Scout Tower
31:50 Scout Tower
32:10 Guard Tower
32:15 Scout Tower
32:18 Scout Tower
32:21 Scout Tower
32:22 Scout Tower
32:23 Scout Tower
32:24 Scout Tower
32:25 Scout Tower
32:27 Scout Tower
32:28 Scout Tower
32:34 Scout Tower
32:35 Scout Tower
33:18 Guard Tower
33:21 Guard Tower
33:47 Scout Tower
33:57 Scout Tower
33:58 Scout Tower
33:59 Scout Tower
34:00 Scout Tower
34:01 Scout Tower
34:02 Scout Tower
34:12 Scout Tower
34:42 Guard Tower
34:45 Scout Tower
35:01 Scout Tower
35:04 Scout Tower
35:05 Scout Tower
35:08 Scout Tower
35:17 Guard Tower
35:49 Scout Tower
35:50 Scout Tower
35:53 Scout Tower
35:54 Scout Tower
36:05 Scout Tower
36:07 Scout Tower
36:08 Scout Tower
36:10 Scout Tower
36:11 Scout Tower
36:12 Scout Tower
36:13 Scout Tower
36:14 Scout Tower
36:18 Scout Tower
36:19 Scout Tower
36:20 Scout Tower
36:21 Scout Tower
36:22 Scout Tower
36:23 Scout Tower
36:25 Scout Tower
36:26 Scout Tower
36:28 Scout Tower
36:30 Scout Tower
36:31 Scout Tower
36:32 Scout Tower
36:36 Scout Tower
36:37 Scout Tower
36:38 Scout Tower
36:39 Scout Tower
36:41 Scout Tower
36:42 Scout Tower
36:43 Scout Tower
36:44 Scout Tower
36:46 Scout Tower
36:48 Scout Tower
36:58 Scout Tower
37:01 Scout Tower
37:06 Guard Tower
37:15 Scout Tower
37:16 Scout Tower
37:17 Scout Tower
37:17 Scout Tower
37:18 Scout Tower
37:19 Scout Tower
37:29 Scout Tower
37:30 Scout Tower
37:30 Scout Tower
37:32 Scout Tower
37:32 Scout Tower
37:33 Scout Tower
37:36 Scout Tower
37:37 Scout Tower
37:39 Scout Tower
37:40 Scout Tower
37:41 Scout Tower
37:42 Scout Tower
37:43 Scout Tower
37:48 Scout Tower
37:49 Scout Tower
37:52 Keep
37:56 Guard Tower
38:01 Scout Tower
38:02 Scout Tower
38:03 Scout Tower
38:04 Scout Tower
38:05 Scout Tower
38:05 Scout Tower
38:06 Scout Tower
38:08 Scout Tower
38:09 Scout Tower
38:10 Scout Tower
38:11 Scout Tower
38:13 Scout Tower
38:15 Scout Tower
38:16 Scout Tower
38:24 Scout Tower
38:25 Scout Tower
38:52 Guard Tower
38:56 Guard Tower
39:05 Guard Tower
39:20 Guard Tower
39:26 Guard Tower
39:30 Guard Tower
39:34 Arcane Sanctum
39:39 Guard Tower
39:43 Guard Tower
39:48 Lumber Mill
40:39 Scout Tower
40:40 Scout Tower
40:41 Scout Tower
40:42 Scout Tower
40:45 Scout Tower
40:47 Scout Tower
40:48 Scout Tower
40:49 Scout Tower
40:51 Scout Tower
40:52 Scout Tower
40:53 Scout Tower
40:56 Scout Tower
40:57 Scout Tower
40:58 Scout Tower
41:04 Scout Tower
41:05 Scout Tower
41:05 Scout Tower
41:06 Scout Tower
41:07 Scout Tower
41:08 Scout Tower
41:09 Scout Tower
41:32 Guard Tower
41:35 Guard Tower
41:38 Guard Tower
41:45 Scout Tower
41:46 Scout Tower
41:48 Scout Tower
41:49 Scout Tower
41:49 Scout Tower
41:50 Scout Tower
41:51 Scout Tower
41:52 Scout Tower
41:53 Scout Tower
41:54 Scout Tower
41:56 Scout Tower
41:57 Scout Tower
41:58 Scout Tower
41:59 Scout Tower
42:00 Scout Tower
42:01 Scout Tower
42:02 Scout Tower
42:05 Scout Tower
42:06 Scout Tower
42:15 Scout Tower
42:16 Scout Tower
42:17 Scout Tower
42:20 Scout Tower
42:21 Scout Tower
42:25 Scout Tower
42:27 Scout Tower
42:41 Guard Tower
42:53 Castle
42:58 Guard Tower
43:01 Guard Tower
43:04 Guard Tower
43:13 Guard Tower
43:32 Farm
43:33 Farm
43:34 Farm
43:35 Farm
43:36 Farm
43:37 Farm
43:38 Farm
43:38 Farm
43:39 Farm
43:40 Farm
44:02 Guard Tower
44:10 Guard Tower
45:21 Farm
45:22 Farm
45:23 Farm
45:28 Guard Tower
45:49 Scout Tower
45:49 Scout Tower
45:51 Scout Tower
45:51 Scout Tower
46:12 Scout Tower
46:14 Scout Tower
46:16 Scout Tower
46:17 Scout Tower
46:23 Scout Tower
46:24 Scout Tower
46:25 Scout Tower
46:26 Scout Tower
46:27 Scout Tower
46:28 Scout Tower
46:30 Scout Tower
46:32 Scout Tower
46:33 Scout Tower
46:34 Scout Tower
46:35 Scout Tower
46:35 Scout Tower
46:37 Scout Tower
46:38 Scout Tower
46:39 Scout Tower
46:40 Scout Tower
46:42 Scout Tower
46:43 Scout Tower
46:44 Scout Tower
46:44 Scout Tower
46:56 Guard Tower
47:43 Guard Tower
48:09 Guard Tower
48:14 Scout Tower
48:15 Scout Tower
48:16 Scout Tower
48:27 Scout Tower
48:30 Scout Tower
48:31 Scout Tower
48:31 Scout Tower
48:32 Scout Tower
48:46 Guard Tower
48:50 Guard Tower
48:55 Guard Tower
48:56 Guard Tower
49:08 Scout Tower
49:08 Scout Tower
49:09 Scout Tower
49:10 Scout Tower
49:19 Guard Tower
50:12 Guard Tower
50:38 Scout Tower
50:39 Scout Tower
50:40 Scout Tower
50:43 Scout Tower
50:47 Scout Tower
50:49 Scout Tower
50:50 Scout Tower
50:52 Scout Tower
50:53 Scout Tower
50:55 Scout Tower
50:56 Scout Tower
50:58 Scout Tower
50:59 Scout Tower
51:02 Scout Tower
51:28 Town Hall
51:42 Guard Tower
51:50 Guard Tower
51:59 Guard Tower
54:27 Scout Tower
54:28 Scout Tower
54:29 Scout Tower
54:30 Scout Tower
54:31 Scout Tower
54:32 Scout Tower
54:37 Scout Tower
54:38 Scout Tower
54:40 Scout Tower
54:41 Scout Tower
54:42 Scout Tower
54:50 Scout Tower
54:51 Scout Tower
54:52 Scout Tower
54:54 Scout Tower
54:55 Scout Tower
54:56 Scout Tower
54:58 Scout Tower
54:59 Scout Tower
55:00 Scout Tower
55:01 Scout Tower
55:03 Scout Tower
55:04 Scout Tower
55:06 Scout Tower
55:07 Scout Tower
55:09 Scout Tower
55:10 Scout Tower
55:13 Scout Tower
55:14 Scout Tower
55:16 Scout Tower
55:17 Scout Tower
55:18 Scout Tower
55:20 Scout Tower
55:22 Scout Tower
55:24 Scout Tower
55:25 Scout Tower
55:26 Scout Tower
55:28 Scout Tower
55:29 Scout Tower
55:31 Scout Tower
55:33 Scout Tower
55:34 Scout Tower
56:03 Scout Tower
56:05 Scout Tower
56:06 Scout Tower
56:07 Scout Tower
56:09 Guard Tower
56:20 Scout Tower
56:21 Scout Tower
56:23 Scout Tower
56:23 Scout Tower
56:25 Scout Tower
56:26 Scout Tower
56:28 Scout Tower
56:29 Scout Tower
56:31 Scout Tower
56:32 Scout Tower
56:33 Scout Tower
56:36 Scout Tower
56:36 Scout Tower
56:37 Scout Tower
56:38 Scout Tower
56:40 Scout Tower
56:42 Scout Tower
56:43 Scout Tower
56:44 Scout Tower
56:46 Scout Tower
56:51 Scout Tower
56:53 Scout Tower
56:54 Scout Tower
56:56 Scout Tower
56:57 Scout Tower
56:59 Scout Tower
57:00 Scout Tower
57:13 Guard Tower
57:31 Guard Tower
57:37 Scout Tower
57:38 Scout Tower
57:39 Scout Tower
57:40 Scout Tower
57:42 Scout Tower
57:43 Scout Tower
57:44 Scout Tower
57:46 Scout Tower
57:47 Scout Tower
57:51 Scout Tower
57:52 Scout Tower
57:52 Scout Tower
58:04 Arcane Vault
58:21 Scout Tower
58:23 Scout Tower
58:24 Scout Tower
58:25 Scout Tower
58:26 Scout Tower
58:30 Guard Tower
58:38 Guard Tower
58:43 Scout Tower
58:46 Scout Tower
58:47 Scout Tower
58:49 Scout Tower
58:50 Scout Tower
58:52 Scout Tower
58:53 Scout Tower
58:55 Scout Tower
58:56 Scout Tower
58:59 Scout Tower
59:01 Scout Tower
59:03 Scout Tower
59:09 Scout Tower
59:10 Scout Tower
59:11 Scout Tower
59:32 Guard Tower
59:50 Scout Tower
60:59 Guard Tower
61:04 Guard Tower
61:53 Guard Tower
62:38 Guard Tower
63:10 Scout Tower
63:11 Scout Tower
63:12 Scout Tower
63:13 Scout Tower
63:14 Scout Tower
63:15 Scout Tower
63:17 Scout Tower
63:18 Scout Tower
63:19 Scout Tower
63:21 Scout Tower
63:22 Scout Tower
63:23 Scout Tower
63:25 Scout Tower
63:26 Scout Tower
63:27 Scout Tower
63:28 Scout Tower
63:31 Scout Tower
63:31 Scout Tower
63:32 Scout Tower
63:33 Scout Tower
63:35 Scout Tower
63:35 Scout Tower
63:36 Scout Tower
63:38 Scout Tower
63:39 Scout Tower
63:45 Guard Tower
64:07 Guard Tower
65:16 Guard Tower
65:25 Guard Tower
65:37 Scout Tower
65:51 Scout Tower
65:53 Scout Tower
65:54 Scout Tower
65:55 Scout Tower
65:56 Scout Tower
65:57 Scout Tower
66:00 Scout Tower
66:02 Scout Tower
66:03 Scout Tower
66:05 Scout Tower
66:06 Scout Tower
66:08 Scout Tower
66:09 Scout Tower
66:10 Scout Tower
66:12 Scout Tower
66:14 Scout Tower
66:18 Scout Tower
66:19 Scout Tower
66:21 Scout Tower
66:22 Scout Tower
66:23 Scout Tower
66:24 Scout Tower
66:27 Scout Tower
66:29 Scout Tower
66:33 Scout Tower
66:37 Scout Tower
66:38 Scout Tower
66:40 Scout Tower
66:42 Scout Tower
66:44 Guard Tower
66:48 Guard Tower
67:24 Guard Tower
67:32 Guard Tower
68:38 Altar of Kings
69:02 Guard Tower
69:27 Guard Tower
70:44 Guard Tower
71:38 Guard Tower
71:43 Guard Tower
71:46 Guard Tower
72:07 Scout Tower
72:08 Scout Tower
72:09 Scout Tower
72:11 Scout Tower
72:13 Scout Tower
72:14 Scout Tower
72:16 Scout Tower
72:17 Scout Tower
72:20 Scout Tower
72:21 Scout Tower
72:22 Scout Tower
72:26 Scout Tower
72:33 Scout Tower
72:34 Scout Tower
72:37 Scout Tower
72:39 Scout Tower
72:41 Scout Tower
72:43 Scout Tower
72:44 Scout Tower
72:45 Scout Tower
72:47 Scout Tower
72:48 Scout Tower
72:49 Scout Tower
72:50 Scout Tower
72:51 Scout Tower
72:53 Scout Tower
72:55 Scout Tower
72:56 Scout Tower
73:01 Scout Tower
73:02 Scout Tower
73:04 Scout Tower
73:05 Scout Tower
73:06 Scout Tower
73:09 Scout Tower
73:10 Scout Tower
73:12 Scout Tower
73:14 Scout Tower
73:17 Guard Tower
73:31 Guard Tower
73:44 Town Hall
73:48 Guard Tower
73:55 Guard Tower
74:00 Scout Tower
74:02 Scout Tower
74:23 Guard Tower
74:30 Guard Tower
74:37 Scout Tower
74:39 Scout Tower
74:41 Scout Tower
74:42 Scout Tower
74:44 Scout Tower
75:19 Guard Tower
75:32 Scout Tower
75:33 Scout Tower
75:34 Scout Tower
75:40 Guard Tower
75:53 Scout Tower
75:53 Scout Tower
75:56 Scout Tower
75:57 Scout Tower
76:00 Guard Tower
76:08 Guard Tower
77:26 Guard Tower
77:43 Scout Tower
77:44 Scout Tower
77:45 Scout Tower
77:47 Scout Tower
78:35 Guard Tower
78:40 Scout Tower
78:49 Scout Tower
78:53 Scout Tower
78:56 Scout Tower
79:01 Scout Tower
79:04 Scout Tower
79:05 Scout Tower
79:18 Scout Tower
79:33 Scout Tower
79:39 Guard Tower
79:53 Guard Tower
79:56 Scout Tower
79:57 Scout Tower
79:58 Scout Tower
80:01 Scout Tower
80:02 Scout Tower
80:05 Scout Tower
80:06 Scout Tower
80:06 Scout Tower
80:18 Scout Tower
80:20 Scout Tower
80:21 Scout Tower
80:24 Scout Tower
80:27 Scout Tower
80:28 Scout Tower
80:29 Scout Tower
80:31 Scout Tower
80:31 Scout Tower
80:32 Scout Tower
80:33 Scout Tower
80:34 Scout Tower
80:35 Scout Tower
80:36 Scout Tower
80:49 Guard Tower
80:55 Guard Tower
81:10 Guard Tower
81:24 Scout Tower
81:48 Guard Tower
82:15 Guard Tower
85:01 Scout Tower
85:01 Scout Tower
85:02 Scout Tower
85:03 Scout Tower
85:05 Scout Tower
85:06 Scout Tower
85:22 Guard Tower
85:26 Guard Tower
85:31 Scout Tower
85:35 Guard Tower
85:36 Guard Tower
85:57 Guard Tower
86:06 Guard Tower
86:10 Scout Tower
86:10 Scout Tower
86:11 Scout Tower
86:11 Scout Tower
86:12 Scout Tower
86:13 Scout Tower
86:14 Scout Tower
86:15 Scout Tower
86:16 Scout Tower
86:19 Scout Tower
86:20 Scout Tower
86:21 Scout Tower
86:21 Scout Tower
86:22 Scout Tower
86:23 Scout Tower
86:24 Scout Tower
86:24 Scout Tower
86:25 Scout Tower
86:31 Guard Tower
86:54 Guard Tower
86:59 Scout Tower
86:59 Scout Tower
87:00 Scout Tower
87:00 Scout Tower
87:01 Scout Tower
87:02 Scout Tower
87:03 Scout Tower
87:03 Scout Tower
87:04 Scout Tower
87:05 Scout Tower
87:06 Scout Tower
87:10 Scout Tower
87:11 Scout Tower
87:12 Scout Tower
87:13 Scout Tower
87:14 Scout Tower
87:15 Scout Tower
87:16 Scout Tower
87:16 Scout Tower
87:17 Scout Tower
87:17 Scout Tower
87:20 Scout Tower
87:20 Scout Tower
87:20 Scout Tower
87:21 Scout Tower
87:21 Scout Tower
87:22 Scout Tower
87:23 Scout Tower
87:23 Scout Tower
87:24 Scout Tower
87:24 Scout Tower
87:25 Scout Tower
87:27 Scout Tower
87:28 Scout Tower
87:28 Scout Tower
87:33 Scout Tower
87:34 Scout Tower
87:34 Scout Tower
87:35 Scout Tower
87:36 Scout Tower
87:36 Scout Tower
87:37 Scout Tower
87:37 Scout Tower
87:38 Scout Tower
87:38 Scout Tower
87:39 Scout Tower
87:40 Scout Tower
87:41 Scout Tower
87:42 Scout Tower
87:43 Scout Tower
87:43 Scout Tower
87:44 Scout Tower
87:49 Guard Tower
87:50 Guard Tower
88:12 Scout Tower
88:13 Scout Tower
88:13 Scout Tower
88:14 Scout Tower
88:15 Scout Tower
88:17 Scout Tower
88:18 Scout Tower
88:18 Scout Tower
88:22 Scout Tower
88:23 Scout Tower
88:23 Scout Tower
88:23 Scout Tower
89:13 Guard Tower
89:21 Scout Tower
89:21 Scout Tower
89:21 Scout Tower
89:23 Scout Tower
89:24 Scout Tower
89:25 Scout Tower
89:26 Scout Tower
89:26 Scout Tower
89:27 Scout Tower
89:27 Scout Tower
89:28 Scout Tower
89:29 Scout Tower
89:29 Scout Tower
89:29 Scout Tower
89:34 Guard Tower
89:52 Guard Tower
90:04 Scout Tower
90:04 Scout Tower
90:04 Scout Tower
90:05 Scout Tower
90:06 Scout Tower
90:06 Scout Tower
90:07 Scout Tower
90:08 Scout Tower
90:08 Scout Tower
90:09 Scout Tower
90:10 Scout Tower
90:10 Scout Tower
90:11 Scout Tower
90:11 Scout Tower
90:12 Scout Tower
90:16 Scout Tower
90:16 Scout Tower
90:17 Scout Tower
90:19 Scout Tower
90:19 Scout Tower
90:20 Scout Tower
90:22 Scout Tower
90:23 Scout Tower
90:25 Scout Tower
90:25 Scout Tower
90:27 Scout Tower
90:27 Scout Tower
90:28 Scout Tower
90:28 Scout Tower
90:29 Scout Tower
90:31 Scout Tower
90:33 Scout Tower
90:34 Scout Tower
90:35 Scout Tower
90:36 Scout Tower
90:36 Scout Tower
90:36 Scout Tower
90:37 Scout Tower
90:38 Scout Tower
90:39 Scout Tower
90:40 Scout Tower
90:40 Scout Tower
90:40 Scout Tower
90:41 Scout Tower
90:41 Scout Tower
90:41 Scout Tower
90:43 Scout Tower
90:43 Scout Tower
90:43 Scout Tower
90:44 Scout Tower
90:44 Scout Tower
90:45 Scout Tower
90:45 Scout Tower
90:46 Scout Tower
90:46 Scout Tower
90:47 Scout Tower
90:47 Scout Tower
90:48 Scout Tower
90:49 Scout Tower
90:49 Scout Tower
90:50 Scout Tower
90:50 Scout Tower
90:50 Scout Tower
90:51 Scout Tower
90:52 Scout Tower
90:52 Scout Tower
90:53 Scout Tower
90:53 Scout Tower
90:54 Scout Tower
90:55 Scout Tower
90:55 Scout Tower
90:56 Scout Tower
90:57 Scout Tower
90:57 Scout Tower
90:58 Scout Tower
90:58 Scout Tower
90:59 Scout Tower
90:59 Scout Tower
91:00 Scout Tower
91:00 Scout Tower
91:00 Scout Tower
91:01 Scout Tower
91:02 Scout Tower
91:02 Scout Tower
91:04 Scout Tower
91:04 Scout Tower
91:12 Lumber Mill
91:35 Guard Tower
91:38 Guard Tower
91:47 Guard Tower
91:55 Scout Tower
91:56 Scout Tower
91:56 Scout Tower
91:57 Scout Tower
91:57 Scout Tower
91:58 Scout Tower
91:58 Scout Tower
91:59 Scout Tower
91:59 Scout Tower
91:59 Scout Tower
92:00 Scout Tower
92:01 Scout Tower
92:02 Scout Tower
92:02 Scout Tower
92:02 Scout Tower
92:03 Scout Tower
92:04 Scout Tower
92:04 Scout Tower
92:05 Scout Tower
92:06 Scout Tower
92:07 Scout Tower
92:08 Scout Tower
92:10 Scout Tower
92:10 Scout Tower
92:12 Scout Tower
92:12 Scout Tower
92:13 Scout Tower
92:13 Scout Tower
92:15 Scout Tower
92:15 Scout Tower
92:17 Scout Tower
92:17 Scout Tower
92:17 Scout Tower
92:18 Scout Tower
92:19 Scout Tower
92:19 Scout Tower
92:20 Scout Tower
92:21 Scout Tower
92:21 Scout Tower
92:22 Scout Tower
92:23 Scout Tower
92:39 Guard Tower
92:42 Guard Tower
92:46 Guard Tower
93:30 Guard Tower
93:34 Guard Tower
93:52 Guard Tower
94:05 Guard Tower
94:55 Guard Tower
94:59 Guard Tower
95:31 Lumber Mill
95:45 Scout Tower
95:46 Scout Tower
95:48 Scout Tower
95:50 Scout Tower
95:50 Scout Tower
95:51 Scout Tower
95:51 Scout Tower
95:52 Scout Tower
95:53 Scout Tower
95:54 Scout Tower
95:54 Scout Tower
95:55 Scout Tower
95:56 Scout Tower
95:57 Scout Tower
95:57 Scout Tower
95:58 Scout Tower
95:58 Scout Tower
95:59 Scout Tower
96:01 Scout Tower
96:01 Scout Tower
96:01 Scout Tower
96:02 Scout Tower
96:03 Scout Tower
96:04 Scout Tower
96:05 Scout Tower
96:06 Scout Tower
96:06 Scout Tower
96:07 Scout Tower
96:08 Scout Tower
96:08 Scout Tower
96:09 Scout Tower
96:10 Scout Tower
96:11 Scout Tower
96:11 Scout Tower
96:12 Scout Tower
96:12 Scout Tower
96:13 Scout Tower
96:13 Scout Tower
96:19 Guard Tower
96:23 Guard Tower
96:27 Guard Tower
96:39 Guard Tower
96:45 Guard Tower
96:47 Scout Tower
96:47 Scout Tower
96:48 Scout Tower
96:48 Scout Tower
96:49 Scout Tower
97:11 Scout Tower
97:11 Scout Tower
97:11 Scout Tower
97:12 Scout Tower
97:13 Scout Tower
97:13 Scout Tower
97:13 Scout Tower
97:20 Scout Tower
97:20 Scout Tower
97:21 Scout Tower
97:21 Scout Tower
97:22 Scout Tower
97:23 Scout Tower
97:23 Scout Tower
97:24 Scout Tower
97:24 Scout Tower
97:25 Scout Tower
97:26 Scout Tower
97:26 Scout Tower
97:27 Scout Tower
97:27 Scout Tower
97:28 Scout Tower
97:28 Scout Tower
97:29 Scout Tower
97:29 Scout Tower
97:46 Guard Tower
97:52 Guard Tower
99:17 Guard Tower
99:20 Guard Tower
99:22 Guard Tower
99:35 Guard Tower
99:38 Guard Tower
99:40 Guard Tower
99:55 Scout Tower
99:55 Scout Tower
99:56 Scout Tower
99:56 Scout Tower
99:57 Scout Tower
99:58 Scout Tower
99:59 Scout Tower
100:00 Scout Tower
100:01 Scout Tower
100:04 Scout Tower
100:04 Scout Tower
100:05 Scout Tower
100:06 Scout Tower
100:06 Scout Tower
100:06 Scout Tower
100:07 Scout Tower
100:07 Scout Tower
100:08 Scout Tower
100:09 Scout Tower
100:10 Scout Tower
100:11 Scout Tower
100:12 Scout Tower
100:12 Scout Tower
100:13 Scout Tower
100:14 Scout Tower
100:18 Guard Tower
100:36 Guard Tower
100:47 Guard Tower
101:03 Guard Tower
101:59 Scout Tower
104:54 Gryphon Aviary
104:55 Gryphon Aviary
106:09 Blacksmith
108:06 Workshop
109:10 Workshop
109:27 Scout Tower
109:28 Scout Tower
109:28 Scout Tower
109:28 Scout Tower
109:29 Scout Tower
109:29 Scout Tower
109:38 Scout Tower
109:38 Scout Tower
109:39 Scout Tower
109:40 Scout Tower
109:41 Scout Tower
109:42 Scout Tower
109:42 Scout Tower
109:43 Scout Tower
109:43 Scout Tower
109:44 Scout Tower
109:44 Scout Tower
109:45 Scout Tower
109:46 Scout Tower
109:47 Scout Tower
109:47 Scout Tower
109:48 Scout Tower
109:49 Scout Tower
111:19 Guard Tower
112:08 Guard Tower
112:44 Scout Tower
112:45 Scout Tower
112:45 Scout Tower
112:45 Scout Tower
112:46 Scout Tower
112:47 Scout Tower
112:49 Scout Tower
112:50 Scout Tower
113:54 Guard Tower
113:59 Town Hall
117:55 Scout Tower
117:55 Scout Tower
117:55 Scout Tower
117:56 Scout Tower
117:56 Scout Tower
117:57 Scout Tower
117:57 Scout Tower
117:58 Scout Tower
117:58 Scout Tower
117:59 Scout Tower
117:59 Scout Tower
118:00 Scout Tower
118:00 Scout Tower
118:01 Scout Tower
118:01 Scout Tower
118:02 Scout Tower
118:02 Scout Tower
118:03 Scout Tower
118:03 Scout Tower
118:34 Guard Tower
119:03 Guard Tower
119:06 Guard Tower
119:39 Guard Tower
» items
| Belt of Giant Strength +6 | 5 | |
| Scourge Bone Chimes | 1 | |
6 total

»
TAN3 (
green | 42 APM | 2964 actions | 70:49)
8 Keeper of the Grove
3 Entangling Roots
2 Force of Nature
2 Thorns Aura
1 Tranquility
» actions
| Assign group hotkey | 50 | |
| Basic commands | 206 | |
| Build / train | 105 | |
| ESC pressed | 1 | |
| Enter build submenu | 56 | |
| Enter hero's abilities submenu | 9 | |
| Remove unit from queue | 2 | |
| Right click | 1451 | |
| Select / deselect | 580 | |
| Select group hotkey | 324 | |
| Use ability | 179 | |
2964 total
» units
| Wisp | 40 | |
| Archer | 5 | |
| Huntress | 2 | |
| Druid of the Claw | 15 | |
| Dryad | 2 | |
| Chimaera | 9 | |
| Druid of the Talon | 2 | |
75 total
» upgrades
| Reinforced Hides | 3 | |
| Strength of the Wild | 3 | |
| Nature's Blessing | 1 | |
| Druid of the Claw Training | 2 | |
| Mark of the Claw | 1 | |
| Abolish Magic | 1 | |
| Corrosive Breath | 1 | |
| Druid of the Talon Training | 2 | |
14 total
» buildings
| Moon Well | 19 | |
| Altar of Elders | 2 | |
| Ancient of War | 1 | |
| Hunter's Hall | 1 | |
| Ancient Protector | 6 | |
| Tree of Ages | 2 | |
| Ancient of Wonders | 3 | |
| Ancient of Lore | 3 | |
| Tree of Eternity | 2 | |
| Tree of Life | 4 | |
| Ancient of Wind | 1 | |
| Chimaera Roost | 5 | |
49 total
» build order
00:29 Moon Well
00:49 Altar of Elders
01:31 Ancient of War
01:45 Moon Well
02:10 Hunter's Hall
03:18 Ancient Protector
03:27 Moon Well
04:24 Ancient Protector
05:07 Moon Well
05:44 Ancient Protector
05:52 Moon Well
06:20 Tree of Ages
07:00 Ancient of Wonders
07:12 Moon Well
08:27 Ancient Protector
09:44 Ancient of Lore
09:46 Ancient of Lore
09:58 Ancient Protector
10:02 Moon Well
11:11 Tree of Eternity
11:21 Moon Well
12:27 Moon Well
13:54 Ancient Protector
17:39 Tree of Life
19:49 Moon Well
22:53 Tree of Life
24:40 Tree of Ages
27:32 Tree of Eternity
40:39 Tree of Life
40:50 Tree of Life
45:49 Ancient of Lore
46:04 Ancient of Wind
46:54 Ancient of Wonders
47:47 Chimaera Roost
47:49 Chimaera Roost
48:02 Chimaera Roost
48:05 Chimaera Roost
49:24 Moon Well
49:26 Moon Well
49:29 Moon Well
49:49 Altar of Elders
51:02 Moon Well
51:08 Moon Well
51:11 Moon Well
55:09 Chimaera Roost
56:14 Ancient of Wonders
57:21 Moon Well
60:20 Moon Well
62:48 Moon Well
dcstegg228 (
yellow | 34 APM | 2289 actions | 67:34)
4 Archmage
2 Summon Water Elemental
1 Brilliance Aura
1 Blizzard
» actions
| Assign group hotkey | 16 | |
| Basic commands | 5 | |
| Build / train | 144 | |
| Enter build submenu | 33 | |
| Enter hero's abilities submenu | 4 | |
| Remove unit from queue | 1 | |
| Right click | 1341 | |
| Select / deselect | 619 | |
| Select group hotkey | 30 | |
| Use ability | 96 | |
2289 total
» units
| Peasant | 35 | |
| Footman | 4 | |
| Sorceress | 16 | |
| Priest | 5 | |
| Rifleman | 2 | |
| Mortar Team | 18 | |
| Siege Engine | 23 | |
| Knight | 6 | |
| Flying Machine | 10 | |
119 total
» upgrades
| Lumber Harvesting | 1 | |
| Sorceress Training | 2 | |
| Gunpowder | 3 | |
| Barrage | 1 | |
| Armor | 1 | |
| Flying Machine Bombs | 1 | |
9 total
» buildings
| Altar of Kings | 1 | |
| Farm | 12 | |
| Barracks | 1 | |
| Scout Tower | 7 | |
| Arcane Tower | 6 | |
| Keep | 1 | |
| Arcane Sanctum | 3 | |
| Blacksmith | 1 | |
| Lumber Mill | 1 | |
| Workshop | 2 | |
| Guard Tower | 1 | |
| Castle | 1 | |
| Town Hall | 8 | |
45 total
» build order
00:09 Altar of Kings
00:14 Farm
01:11 Farm
01:12 Farm
01:59 Barracks
03:35 Scout Tower
03:39 Scout Tower
04:05 Arcane Tower
04:12 Arcane Tower
05:04 Keep
07:44 Arcane Sanctum
08:28 Arcane Sanctum
08:57 Blacksmith
09:08 Farm
09:09 Farm
09:11 Farm
09:34 Lumber Mill
09:58 Scout Tower
10:02 Scout Tower
10:13 Workshop
10:31 Arcane Tower
11:19 Farm
11:21 Farm
11:24 Guard Tower
11:28 Scout Tower
11:35 Scout Tower
11:39 Scout Tower
12:05 Arcane Tower
12:35 Castle
13:12 Farm
13:13 Farm
13:19 Arcane Tower
13:55 Arcane Sanctum
13:59 Arcane Tower
14:43 Farm
14:45 Farm
18:08 Town Hall
27:39 Workshop
34:57 Town Hall
35:05 Town Hall
51:02 Town Hall
52:40 Town Hall
53:17 Town Hall
53:27 Town Hall
55:46 Town Hall
team 2 (winner)

»
irtarded (
purple | 65 APM | 8172 actions | 126:16)
10 Blademaster
3 Wind Walk
3 Critical Strike
1 Bladestorm
3 Mirror Image
7 Shadow Hunter
3 Healing Wave
2 Hex
1 Big Bad Voodoo
1 Serpent Ward
8 Tauren Chieftain
3 Endurance Aura
3 Shockwave
1 Reincarnation
1 War Stomp
2 Mountain King
2 Bash
4 Paladin
1 Devotion Aura
2 Holy Light
1 Divine Shield
4 Archmage
2 Blizzard
2 Brilliance Aura
» actions
| Assign group hotkey | 452 | |
| Basic commands | 1013 | |
| Build / train | 327 | |
| ESC pressed | 1 | |
| Enter build submenu | 139 | |
| Enter hero's abilities submenu | 36 | |
| Give item / drop item | 1 | |
| Remove unit from queue | 10 | |
| Right click | 2622 | |
| Select / deselect | 1398 | |
| Select group hotkey | 1586 | |
| Use ability | 587 | |
8172 total
» units
| Peon | 15 | |
| Grunt | 5 | |
| Demolisher | 19 | |
| Troll Witch Doctor | 14 | |
| Troll Headhunter/Berserker | 4 | |
| Troll Batrider | 24 | |
| Peasant | 32 | |
| Siege Engine | 26 | |
| Dragonhawk Rider | 22 | |
| Mortar Team | 14 | |
175 total
» upgrades
| Spiked Barricades | 1 | |
| Burning Oil | 1 | |
| Ranged Weapons | 3 | |
| Witch Doctor Training | 2 | |
| Armor | 1 | |
| Reinforced Defenses | 1 | |
| Troll Regeneration | 1 | |
| Shaman Training | 2 | |
| Liquid Fire | 1 | |
| Masonry | 3 | |
| Plating | 3 | |
| Swords | 0 | |
| Gunpowder | 3 | |
| Cloud | 1 | |
| Lumber Harvesting | 1 | |
| Flying Machine Bombs | 1 | |
| Flak Cannons | 1 | |
26 total
» buildings
| Orc Burrow | 13 | |
| Altar of Storms | 3 | |
| Barracks | 2 | |
| War Mill | 2 | |
| Voodoo Lounge | 3 | |
| Stronghold | 2 | |
| Watch Tower | 15 | |
| Fortress | 2 | |
| Spirit Lodge | 2 | |
| Great Hall | 5 | |
| Beastiary | 3 | |
| Town Hall | 3 | |
| Keep | 1 | |
| Blacksmith | 1 | |
| Lumber Mill | 2 | |
| Scout Tower | 66 | |
| Guard Tower | 41 | |
| Castle | 1 | |
| Gryphon Aviary | 3 | |
| Workshop | 3 | |
| Farm | 1 | |
| Arcane Vault | 2 | |
| Altar of Kings | 1 | |
| Cannon Tower | 5 | |
182 total
» build order
00:08 Orc Burrow
00:24 Altar of Storms
00:58 Barracks
01:23 War Mill
01:44 Orc Burrow
02:23 Voodoo Lounge
03:30 Stronghold
04:17 Watch Tower
04:20 Orc Burrow
04:27 Watch Tower
05:54 Fortress
06:18 Spirit Lodge
06:37 Barracks
06:50 Orc Burrow
09:20 Orc Burrow
11:11 Orc Burrow
12:34 Orc Burrow
15:21 Great Hall
16:05 Watch Tower
16:10 Watch Tower
16:14 Watch Tower
16:19 Watch Tower
17:21 Watch Tower
31:39 Watch Tower
32:15 Watch Tower
32:47 Watch Tower
34:54 Great Hall
39:30 Watch Tower
40:35 Great Hall
41:19 Great Hall
41:38 Altar of Storms
42:01 Orc Burrow
43:21 Orc Burrow
43:50 Watch Tower
44:21 War Mill
45:24 Stronghold
46:21 Watch Tower
46:25 Watch Tower
47:33 Orc Burrow
47:35 Orc Burrow
47:50 Altar of Storms
48:09 Beastiary
48:11 Beastiary
48:29 Voodoo Lounge
48:35 Orc Burrow
51:07 Orc Burrow
51:34 Fortress
53:00 Voodoo Lounge
53:20 Spirit Lodge
53:44 Beastiary
56:30 Watch Tower
60:22 Great Hall
82:48 Town Hall
84:24 Keep
84:46 Blacksmith
85:36 Lumber Mill
85:40 Scout Tower
85:50 Scout Tower
86:01 Scout Tower
86:04 Scout Tower
86:09 Scout Tower
86:25 Scout Tower
86:34 Guard Tower
86:50 Guard Tower
86:52 Scout Tower
86:54 Scout Tower
86:56 Guard Tower
87:20 Guard Tower
87:27 Guard Tower
87:33 Castle
87:39 Scout Tower
87:42 Gryphon Aviary
87:53 Workshop
88:02 Gryphon Aviary
88:07 Scout Tower
88:08 Guard Tower
88:44 Town Hall
88:56 Scout Tower
89:23 Guard Tower
89:31 Scout Tower
89:33 Scout Tower
89:56 Scout Tower
89:57 Guard Tower
90:02 Guard Tower
90:04 Scout Tower
90:06 Scout Tower
90:29 Guard Tower
90:36 Guard Tower
90:39 Scout Tower
90:41 Scout Tower
90:51 Farm
91:07 Guard Tower
91:09 Scout Tower
91:11 Scout Tower
91:13 Guard Tower
92:01 Guard Tower
92:05 Scout Tower
93:15 Workshop
94:49 Scout Tower
94:50 Guard Tower
95:18 Guard Tower
95:30 Town Hall
96:25 Scout Tower
96:33 Scout Tower
96:36 Scout Tower
96:56 Guard Tower
96:59 Scout Tower
97:03 Scout Tower
97:07 Scout Tower
97:08 Guard Tower
97:26 Arcane Vault
97:30 Arcane Vault
97:40 Guard Tower
97:42 Guard Tower
97:44 Scout Tower
97:46 Scout Tower
97:48 Scout Tower
98:36 Guard Tower
98:38 Scout Tower
98:44 Scout Tower
98:46 Scout Tower
99:20 Altar of Kings
100:32 Guard Tower
100:35 Scout Tower
101:19 Lumber Mill
101:36 Guard Tower
103:18 Workshop
108:35 Gryphon Aviary
109:38 Scout Tower
109:43 Scout Tower
109:47 Scout Tower
110:08 Guard Tower
110:14 Scout Tower
110:19 Guard Tower
110:21 Scout Tower
110:31 Guard Tower
110:33 Scout Tower
110:41 Guard Tower
110:44 Scout Tower
110:50 Guard Tower
110:52 Scout Tower
111:01 Guard Tower
111:03 Scout Tower
111:13 Guard Tower
111:14 Scout Tower
111:21 Guard Tower
111:24 Scout Tower
112:11 Guard Tower
112:14 Scout Tower
112:16 Scout Tower
112:43 Scout Tower
112:55 Cannon Tower
112:57 Scout Tower
112:59 Scout Tower
113:26 Guard Tower
113:48 Guard Tower
113:49 Scout Tower
114:19 Guard Tower
114:21 Scout Tower
114:52 Cannon Tower
114:54 Scout Tower
115:23 Cannon Tower
115:25 Scout Tower
116:32 Scout Tower
116:47 Scout Tower
116:57 Guard Tower
117:00 Scout Tower
117:30 Guard Tower
119:39 Scout Tower
120:12 Cannon Tower
120:35 Scout Tower
120:40 Scout Tower
121:12 Cannon Tower
121:14 Scout Tower
122:21 Guard Tower
124:17 Scout Tower
124:48 Guard Tower
124:50 Scout Tower
125:18 Guard Tower
125:20 Scout Tower
125:50 Guard Tower
125:53 Scout Tower
» items
| Healing Salve | 2 | |
| Lesser Clarity Potion | 4 | |
| Orb of Lightning | 2 | |
| Scroll of Town Portal | 2 | |
| Potion of Healing | 3 | |
| Potion of Mana | 1 | |
| Ivory Tower | 5 | |
19 total

»
LePokeMaster (
teal | 45 APM | 5706 actions | 126:16)
10 Far Seer
3 Feral Spirit
3 Far Sight
3 Chain Lighting
1 Earth Quake
10 Shadow Hunter
3 Hex
3 Healing Wave
1 Big Bad Voodoo
3 Serpent Ward
6 Blademaster
3 Mirror Image
1 Wind Walk
1 Critical Strike
1 Bladestorm
1 Paladin
1 Divine Shield
1 Mountain King
1 Bash
» actions
| Assign group hotkey | 348 | |
| Basic commands | 337 | |
| Build / train | 304 | |
| Enter build submenu | 122 | |
| Enter hero's abilities submenu | 32 | |
| Give item / drop item | 2 | |
| Remove unit from queue | 4 | |
| Right click | 1640 | |
| Select / deselect | 1143 | |
| Select group hotkey | 1230 | |
| Use ability | 544 | |
5706 total
» units
| Peon | 13 | |
| Grunt | 6 | |
| Shaman | 26 | |
| Tauren | 44 | |
| Goblin Shredder | 1 | |
| Troll Batrider | 46 | |
| Goblin Zeppelin | 1 | |
| Demolisher | 65 | |
202 total
» upgrades
| Pillage | 1 | |
| Armor | 3 | |
| Spiked Barricades | 3 | |
| Berserker Strength | 1 | |
| Shaman Training | 2 | |
| Reinforced Defenses | 1 | |
| Melee Weapons | 3 | |
| Liquid Fire | 1 | |
| Pulverize | 1 | |
| War Drums Damage Increase | 1 | |
| Backpack | 1 | |
| Spirit Walker Training | 1 | |
| Ensnare | 1 | |
| Burning Oil | 1 | |
| Ranged Weapons | 3 | |
| Envenomed Spears | 1 | |
25 total
» buildings
| Altar of Storms | 5 | |
| Orc Burrow | 12 | |
| Barracks | 1 | |
| Voodoo Lounge | 4 | |
| War Mill | 1 | |
| Stronghold | 1 | |
| Watch Tower | 71 | |
| Spirit Lodge | 1 | |
| Fortress | 1 | |
| Tauren Totem | 2 | |
| Great Hall | 6 | |
| Beastiary | 3 | |
108 total
» build order
00:14 Altar of Storms
00:19 Orc Burrow
01:19 Barracks
01:44 Orc Burrow
02:27 Voodoo Lounge
03:26 War Mill
03:36 Orc Burrow
04:31 Stronghold
04:40 Orc Burrow
04:44 Orc Burrow
05:42 Watch Tower
06:56 Spirit Lodge
08:11 Fortress
08:31 Orc Burrow
09:31 Orc Burrow
11:30 Orc Burrow
11:39 Tauren Totem
11:45 Tauren Totem
13:17 Great Hall
13:23 Orc Burrow
14:26 Orc Burrow
15:24 Orc Burrow
17:32 Beastiary
24:25 Altar of Storms
24:37 Altar of Storms
27:30 Great Hall
41:07 Watch Tower
42:18 Watch Tower
43:47 Watch Tower
44:09 Watch Tower
44:11 Watch Tower
44:17 Watch Tower
44:26 Watch Tower
44:56 Watch Tower
45:22 Watch Tower
45:25 Watch Tower
45:50 Watch Tower
46:19 Watch Tower
46:23 Watch Tower
46:41 Watch Tower
46:47 Watch Tower
46:59 Altar of Storms
47:25 Watch Tower
47:30 Watch Tower
47:47 Watch Tower
47:54 Watch Tower
48:12 Watch Tower
48:37 Watch Tower
48:43 Watch Tower
49:07 Watch Tower
49:14 Watch Tower
60:54 Beastiary
61:34 Great Hall
67:40 Beastiary
77:57 Great Hall
84:58 Orc Burrow
87:24 Great Hall
87:26 Watch Tower
87:28 Watch Tower
87:30 Watch Tower
88:41 Watch Tower
89:12 Watch Tower
89:49 Watch Tower
90:29 Watch Tower
90:56 Watch Tower
91:36 Watch Tower
92:12 Watch Tower
92:26 Watch Tower
92:36 Watch Tower
92:55 Watch Tower
94:25 Watch Tower
94:30 Watch Tower
95:35 Watch Tower
95:50 Watch Tower
96:47 Watch Tower
96:59 Watch Tower
99:14 Watch Tower
100:40 Watch Tower
101:48 Watch Tower
107:23 Voodoo Lounge
108:04 Great Hall
108:39 Watch Tower
110:28 Watch Tower
111:39 Watch Tower
112:59 Watch Tower
115:07 Watch Tower
115:09 Watch Tower
115:18 Watch Tower
117:21 Watch Tower
117:34 Watch Tower
117:48 Watch Tower
118:50 Watch Tower
119:00 Watch Tower
119:05 Watch Tower
119:56 Watch Tower
120:33 Watch Tower
120:37 Watch Tower
121:00 Watch Tower
121:04 Voodoo Lounge
122:06 Watch Tower
122:14 Watch Tower
122:24 Voodoo Lounge
124:00 Watch Tower
124:05 Watch Tower
124:32 Altar of Storms
125:15 Watch Tower
125:26 Watch Tower
125:46 Watch Tower
» items
| Healing Salve | 5 | |
| Orb of Lightning | 6 | |
| Scroll of Speed | 6 | |
| Scroll of Town Portal | 8 | |
| Potion of Healing | 9 | |
| Potion of Mana | 1 | |
| Tiny Great Hall | 1 | |
36 total
TomBradyTheKing (
red | 36 APM | 4497 actions | 126:16)
10 Warden
3 Shadow Strike
3 Blink
1 Spirit of Vengeance
3 Fan of Knives
1 Priestess of the Moon
1 Searing Arrows
» actions
| Basic commands | 5 | |
| Build / train | 311 | |
| Enter build submenu | 47 | |
| Enter hero's abilities submenu | 12 | |
| Give item / drop item | 5 | |
| Right click | 2605 | |
| Select / deselect | 856 | |
| Use ability | 654 | |
4497 total
» units
| Wisp | 222 | |
| Huntress | 18 | |
| Glaive Thrower | 2 | |
| Hippogryph | 7 | |
| Chimaera | 5 | |
| Goblin Shredder | 6 | |
| Peasant | 1 | |
| Goblin Sapper | 2 | |
263 total
» upgrades
| Ultravision | 1 | |
| Strength of the Moon | 3 | |
| Moon Armor | 3 | |
| Upgrade Moon Glaive | 1 | |
| Vorpal Blades | 1 | |
| Well Spring | 1 | |
| Strength of the Wild | 3 | |
| Reinforced Hides | 3 | |
| Corrosive Breath | 1 | |
17 total
» buildings
| Moon Well | 63 | |
| Altar of Elders | 1 | |
| Hunter's Hall | 1 | |
| Ancient of War | 2 | |
| Tree of Ages | 1 | |
| Tree of Eternity | 1 | |
| Ancient Protector | 164 | |
| Tree of Life | 8 | |
| Ancient of Wind | 4 | |
| Chimaera Roost | 3 | |
| Guard Tower | 1 | |
249 total
» build order
00:23 Moon Well
00:33 Altar of Elders
01:29 Hunter's Hall
01:45 Moon Well
02:29 Ancient of War
03:01 Moon Well
03:01 Moon Well
04:41 Moon Well
04:57 Tree of Ages
09:22 Tree of Eternity
09:26 Moon Well
09:26 Moon Well
09:27 Moon Well
09:27 Moon Well
24:14 Ancient Protector
24:15 Ancient Protector
24:15 Ancient Protector
24:16 Ancient Protector
24:16 Ancient Protector
24:16 Ancient Protector
24:17 Ancient Protector
24:18 Ancient Protector
24:19 Ancient Protector
24:20 Ancient Protector
24:20 Ancient Protector
24:21 Ancient Protector
24:22 Ancient Protector
25:37 Ancient of War
32:17 Tree of Life
32:19 Tree of Life
35:33 Ancient Protector
35:36 Ancient Protector
35:37 Ancient Protector
35:39 Ancient Protector
35:42 Ancient Protector
35:44 Ancient Protector
35:50 Ancient Protector
35:51 Ancient Protector
35:52 Ancient Protector
35:54 Ancient Protector
35:56 Ancient Protector
38:32 Ancient Protector
38:32 Ancient Protector
38:33 Ancient Protector
38:33 Ancient Protector
38:33 Ancient Protector
38:34 Ancient Protector
38:35 Ancient Protector
38:36 Ancient Protector
38:38 Ancient Protector
38:38 Ancient Protector
38:39 Ancient Protector
38:40 Ancient Protector
38:41 Ancient Protector
42:13 Ancient Protector
42:14 Ancient Protector
42:14 Ancient Protector
42:16 Ancient Protector
42:17 Ancient Protector
42:17 Ancient Protector
42:18 Ancient Protector
42:20 Ancient Protector
42:21 Ancient Protector
45:21 Tree of Life
45:56 Ancient Protector
45:57 Ancient Protector
46:01 Ancient Protector
48:36 Ancient Protector
48:37 Ancient Protector
48:38 Ancient Protector
53:15 Ancient Protector
53:15 Ancient Protector
53:15 Ancient Protector
53:16 Ancient Protector
53:16 Ancient Protector
53:17 Ancient Protector
53:17 Ancient Protector
56:21 Ancient Protector
56:21 Ancient Protector
56:22 Ancient Protector
56:22 Ancient Protector
56:23 Ancient Protector
56:24 Ancient Protector
56:24 Ancient Protector
56:25 Ancient Protector
56:26 Ancient Protector
56:28 Ancient Protector
59:02 Ancient of Wind
59:03 Ancient of Wind
59:05 Ancient of Wind
59:06 Ancient of Wind
60:25 Chimaera Roost
60:27 Chimaera Roost
60:29 Chimaera Roost
61:26 Ancient Protector
61:26 Ancient Protector
61:27 Ancient Protector
61:28 Ancient Protector
61:29 Ancient Protector
61:29 Ancient Protector
61:30 Ancient Protector
61:31 Ancient Protector
61:31 Ancient Protector
61:32 Ancient Protector
61:33 Ancient Protector
64:57 Tree of Life
73:02 Moon Well
73:02 Moon Well
73:02 Moon Well
73:03 Moon Well
73:04 Moon Well
73:06 Moon Well
73:17 Moon Well
73:18 Moon Well
73:18 Moon Well
73:19 Moon Well
73:19 Moon Well
73:20 Moon Well
73:20 Moon Well
73:21 Moon Well
73:21 Moon Well
73:22 Moon Well
73:23 Moon Well
73:23 Moon Well
73:24 Moon Well
73:24 Moon Well
73:25 Moon Well
73:25 Moon Well
73:26 Moon Well
73:27 Moon Well
73:29 Moon Well
73:30 Moon Well
73:30 Moon Well
73:31 Moon Well
73:31 Moon Well
73:32 Moon Well
73:33 Moon Well
73:33 Moon Well
73:34 Moon Well
73:35 Moon Well
73:36 Moon Well
73:37 Moon Well
73:39 Moon Well
73:40 Moon Well
73:40 Moon Well
73:41 Moon Well
73:42 Moon Well
73:43 Moon Well
73:44 Moon Well
73:45 Moon Well
73:46 Moon Well
73:48 Moon Well
73:49 Moon Well
74:57 Tree of Life
76:20 Tree of Life
76:22 Tree of Life
87:30 Tree of Life
94:09 Moon Well
94:09 Moon Well
94:11 Moon Well
94:12 Moon Well
94:13 Moon Well
94:14 Moon Well
99:59 Ancient Protector
100:01 Ancient Protector
100:02 Ancient Protector
100:04 Ancient Protector
100:04 Ancient Protector
100:05 Ancient Protector
100:06 Ancient Protector
100:07 Ancient Protector
100:07 Ancient Protector
100:08 Ancient Protector
100:08 Ancient Protector
100:09 Ancient Protector
100:10 Ancient Protector
100:11 Ancient Protector
100:23 Ancient Protector
100:23 Ancient Protector
100:23 Ancient Protector
100:24 Ancient Protector
100:25 Ancient Protector
100:26 Ancient Protector
100:27 Ancient Protector
100:27 Ancient Protector
100:28 Ancient Protector
100:28 Ancient Protector
100:29 Ancient Protector
100:29 Ancient Protector
100:31 Ancient Protector
102:27 Ancient Protector
104:37 Ancient Protector
104:37 Ancient Protector
104:38 Ancient Protector
106:25 Ancient Protector
106:25 Ancient Protector
107:36 Ancient Protector
107:38 Ancient Protector
107:39 Ancient Protector
107:46 Ancient Protector
107:47 Ancient Protector
107:49 Ancient Protector
107:51 Ancient Protector
107:52 Ancient Protector
107:58 Ancient Protector
108:02 Ancient Protector
108:04 Ancient Protector
108:05 Ancient Protector
108:06 Ancient Protector
108:09 Ancient Protector
108:11 Ancient Protector
108:46 Guard Tower
109:03 Ancient Protector
109:04 Ancient Protector
109:05 Ancient Protector
109:07 Ancient Protector
109:10 Ancient Protector
109:11 Ancient Protector
109:13 Ancient Protector
109:15 Ancient Protector
110:31 Ancient Protector
110:32 Ancient Protector
110:41 Ancient Protector
112:29 Ancient Protector
112:35 Ancient Protector
112:37 Ancient Protector
112:42 Ancient Protector
112:43 Ancient Protector
112:46 Ancient Protector
112:48 Ancient Protector
112:49 Ancient Protector
112:51 Ancient Protector
112:53 Ancient Protector
112:54 Ancient Protector
112:57 Ancient Protector
112:59 Ancient Protector
113:09 Ancient Protector
114:07 Ancient Protector
114:08 Ancient Protector
114:08 Ancient Protector
114:12 Ancient Protector
114:13 Ancient Protector
114:14 Ancient Protector
114:14 Ancient Protector
114:15 Ancient Protector
114:17 Ancient Protector
» items
| Book of the Dead | 1 | |
| Boots of Quel'Thalas +6 | 7 | |
| Demonic Figurine | 1 | |
| Inferno Stone | 3 | |
| Scourge Bone Chimes | 1 | |
| Orb of Lightning | 1 | |
14 total

»
HaRuKa-chan (
blue | 63 APM | 3788 actions | 59:55)
7 Mountain King
3 Storm Bolt
3 Thunder Clap
1 Avatar
1 Paladin
1 Holy Light
» actions
| Assign group hotkey | 72 | |
| Basic commands | 593 | |
| Build / train | 113 | |
| ESC pressed | 17 | |
| Enter build submenu | 77 | |
| Enter hero's abilities submenu | 9 | |
| Give item / drop item | 1 | |
| Right click | 1323 | |
| Select / deselect | 684 | |
| Select group hotkey | 746 | |
| Use ability | 151 | |
3788 total
» units
| Peasant | 9 | |
| Footman | 7 | |
| Rifleman | 2 | |
| Knight | 15 | |
| Siege Engine | 24 | |
| Mortar Team | 19 | |
76 total
» upgrades
| Defend | 1 | |
| Magic Sentry | 1 | |
| Sorceress Training | 2 | |
| Barrage | 1 | |
| Animal War Training | 1 | |
| Flare | 1 | |
| Fragmentation Shards | 1 | |
8 total
» buildings
| Altar of Kings | 2 | |
| Barracks | 1 | |
| Arcane Vault | 2 | |
| Farm | 28 | |
| Lumber Mill | 2 | |
| Blacksmith | 1 | |
| Keep | 1 | |
| Scout Tower | 13 | |
| Arcane Tower | 2 | |
| Castle | 1 | |
| Arcane Sanctum | 1 | |
| Workshop | 2 | |
| Guard Tower | 1 | |
| Town Hall | 3 | |
60 total
» build order
00:09 Altar of Kings
00:13 Barracks
01:13 Arcane Vault
01:31 Farm
02:08 Lumber Mill
02:35 Farm
03:12 Blacksmith
03:24 Farm
03:48 Farm
05:13 Keep
05:19 Scout Tower
05:24 Scout Tower
06:38 Arcane Tower
06:40 Arcane Tower
08:00 Castle
08:04 Arcane Sanctum
08:07 Workshop
10:06 Workshop
10:09 Scout Tower
10:52 Guard Tower
10:58 Farm
10:59 Farm
12:44 Farm
12:45 Farm
14:32 Farm
14:38 Farm
15:24 Farm
15:25 Farm
19:03 Farm
19:05 Farm
26:37 Farm
33:10 Scout Tower
33:13 Scout Tower
34:18 Scout Tower
34:27 Scout Tower
35:37 Scout Tower
35:38 Scout Tower
49:20 Lumber Mill
50:49 Town Hall
51:00 Town Hall
53:04 Scout Tower
53:09 Scout Tower
53:15 Scout Tower
54:08 Scout Tower
55:53 Farm
55:54 Farm
55:56 Farm
55:58 Farm
56:30 Farm
56:31 Farm
56:34 Farm
56:36 Farm
57:01 Farm
57:03 Farm
57:04 Farm
57:07 Farm
57:23 Farm
58:20 Altar of Kings
58:41 Town Hall
58:49 Arcane Vault
» items
| Scroll of Regeneration | 3 | |
| Lesser Clarity Potion | 6 | |
| Orb of Fire | 1 | |
| Healing Salve | 3 | |
| Scroll of Town Portal | 1 | |
14 total
Chat log
(00:12 / All) Teelo: inc 2 hour game
(00:28 / Allies) dcstegg228: plan?
(00:29 / Allies) GodDamnSnack: lol why?
(00:37 / Allies) dcstegg228: dont say towers
(00:39 / Allies) Teelo: endless gold mines. i hate friends map for this
(00:43 / Allies) GodDamnSnack: towers
(00:58 / Allies) dcstegg228: last 2 games one guy only built towers
(01:05 / Allies) GodDamnSnack: that was me :)
(01:11 / Allies) Teelo: if it was full scale assault then i understand
(01:29 / Allies) dcstegg228: at least offensively tower this time then
(01:31 / Allies) dcstegg228: fuck
(01:35 / Allies) Teelo: o.O
(01:49 / Allies) dcstegg228: all he did was mass towers on his expo
(01:56 / Allies) GodDamnSnack: twas me
(02:09 / Allies) GodDamnSnack: we would have been able to drag it on
(02:09 / Allies) Teelo: green help me wall the front like I am
(02:11 / Allies) dcstegg228: you gonna do it again?
(02:14 / Allies) GodDamnSnack: but we waitint too long
(02:17 / Allies) GodDamnSnack: probably
(02:19 / Allies) dcstegg228: i will go tanks
(02:24 / Allies) GodDamnSnack: waited*
(02:29 / Allies) dcstegg228: no fuck that
(02:38 / Allies) dcstegg228: build towers outside their base or some shit
(02:53 / Allies) Teelo: build a couple of towers in your nelves bases
(03:14 / Allies) Teelo: green come creep with me
(03:40 / Allies) Teelo: shop coming up here buy dust with it
(04:35 / Allies) dcstegg228: creep
(04:46 / Allies) Teelo: damn these creeps hurt
(04:47 / Allies) Teelo: wtf
(06:33 / Allies) dcstegg228: no mana didnt stop him
(06:45 / Allies) dcstegg228: here
(06:48 / Allies) Teelo: because you didnt micro your peasants
(06:54 / Allies) dcstegg228: lol
(06:57 / Allies) dcstegg228: true
(07:08 / Allies) Teelo: you just let them stand there and die
(07:14 / Allies) dcstegg228: yep
(07:38 / Allies) TAN3: what units should i get?
(07:46 / Allies) Teelo: bears
(07:51 / Allies) TAN3: ok
(08:24 / Allies) Teelo: fuck didnt mean to pull those
(08:40 / Allies) Teelo: the aggro on this map, i swear
(09:07 / Allies) Teelo: green tech switch to chims
(13:01 / Allies) dcstegg228: lumber plz
(13:47 / Allies) dcstegg228: ty
(13:51 / Allies) GodDamnSnack: np
(14:43 / All) TomBradyTheKing: let me play my game control freak
(14:43 / Allies) TAN3: brb 2 sec
(14:52 / All) Teelo: green afk
(14:59 / All) TomBradyTheKing: honor it they do in dota
(16:47 / Allies) Teelo: green get a wisp ready, take this expo
(17:39 / Allies) Teelo: green lets run to their base, ready to group up
(18:10 / Allies) Teelo: pink sotp building the hall, make a tower
(18:38 / All) TomBradyTheKing: ya
(18:47 / Allies) Teelo: tech switching to MGs
(19:23 / Allies) Teelo: ok grioup up
(19:57 / Allies) Teelo: yellow come
(23:14 / All) HaRuKa-chan: Lol
(23:36 / All) HaRuKa-chan: :(
(23:39 / All) GodDamnSnack: lmao
(24:53 / All) HaRuKa-chan: LOL
(25:33 / Allies) Teelo: ugh where are your shops, humans
(26:50 / All) HaRuKa-chan: fail?
(32:35 / All) TomBradyTheKing: wait it out u impatent fuk
(38:47 / Allies) Teelo: god damn
(38:51 / Allies) Teelo: all they do is wait for us to attack
(38:53 / Allies) Teelo: then they pounce
(39:05 / Allies) dcstegg228: when you wanna go
(43:50 / All) HaRuKa-chan: wow pink
(43:51 / All) HaRuKa-chan: XD
(45:58 / All) GodDamnSnack: my towers are not a stupid move
(45:59 / All) GodDamnSnack: fuck you
(46:11 / All) LePokeMaster: i meant my path
(46:13 / All) Teelo: who said they were
(46:50 / All) GodDamnSnack: oh and inc 3 to 4 hour game
(46:56 / All) Teelo: told ya
(47:04 / All) LePokeMaster: howd u know...
(51:02 / Allies) Teelo: nows the time to attack
(51:12 / All) TomBradyTheKing: ya
(51:34 / Allies) Teelo: going to retake mid
(51:36 / All) TomBradyTheKing: o i had hunts
(51:48 / All) HaRuKa-chan: 10k gold and lumber
(52:24 / Allies) dcstegg228: lol pml
(52:25 / All) TomBradyTheKing: stfu u have enjoyed my wells all game
(53:27 / All) TomBradyTheKing: u have 2k spend noob
(53:37 / All) Teelo: green has 6k
(53:43 / All) HaRuKa-chan: red has 10k on both
(53:45 / All) Teelo: pink has 8k
(53:47 / All) TomBradyTheKing: i got 12k
(53:55 / All) HaRuKa-chan: 12k gold 10k lumb
(54:42 / Allies) dcstegg228: help plz
(55:09 / All) HaRuKa-chan: lol
(55:18 / All) LePokeMaster: zzzzzzzzzzzzz never ending gam
(55:29 / All) TomBradyTheKing: give that up to blue
(55:39 / All) TomBradyTheKing: u got high upkeep
(55:41 / All) HaRuKa-chan: i got more pasants :D
(57:24 / All) LePokeMaster: ahh fudge
(57:51 / All) Teelo: all these towers and no shop.. grrr
(58:11 / Allies) GodDamnSnack: happy?
(58:12 / Allies) GodDamnSnack: :)
(58:15 / Allies) Teelo: sorta
(58:16 / All) dcstegg228: all my peasants are dead :(
(58:21 / All) HaRuKa-chan: :D
(59:25 / All) LePokeMaster: god dammit
(59:28 / All) TomBradyTheKing: hero
(59:39 / All) TomBradyTheKing: god exp
(59:44 / All) TomBradyTheKing: nice ding
(59:54 / All) HaRuKa-chan: LOL GG neverending game now
(60:17 / All) Teelo: you had the right idea massing bats
(60:28 / All) LePokeMaster: but?
(60:33 / All) Teelo: you didnt mass enough
(60:39 / All) Teelo: not enough to just send 4 at a time
(60:39 / All) LePokeMaster: still am
(60:43 / All) LePokeMaster: game's not over
(61:20 / All) LePokeMaster: long ass waiting game now
(61:29 / All) Teelo: yup
(61:45 / All) LePokeMaster: atk us pls?
(61:54 / All) Teelo: no thanks, my chims will just fall to your bats
(61:59 / All) Teelo: im gonna tech switch to dryads now
(62:06 / Allies) dcstegg228: hey can someone repair my tanks/?
(62:07 / All) LePokeMaster: whhhhhhhhhhhhaaaaaaaaaaaaaat
(62:09 / All) LePokeMaster: balls
(62:53 / All) LePokeMaster: lol pinks towers are hilarious
(63:03 / All) Teelo: lol ive seen worse on highperch
(63:15 / All) LePokeMaster: which map is that
(63:20 / All) Teelo: its a 3v3 one
(63:52 / Allies) GodDamnSnack: yo yellow
(63:55 / All) LePokeMaster: how long?
(63:57 / Allies) GodDamnSnack: wanna move your tank?
(64:17 / All) TomBradyTheKing: fuk hgim up
(68:18 / All) LePokeMaster: lol wut a hero
(68:27 / All) GodDamnSnack: lol
(70:09 / Allies) Teelo: guys?
(70:31 / All) LePokeMaster: omg
(70:32 / All) LePokeMaster: oj
(70:36 / All) LePokeMaster: srsly
(71:21 / All) LePokeMaster: def gonna save this game
(71:36 / All) LePokeMaster: cus its so retarded
(71:46 / All) Teelo: yeah i normally have this map vetoed
(71:59 / All) LePokeMaster: this map usualy isnt that bad
(72:08 / All) TomBradyTheKing: lol my new fave
(72:56 / All) LePokeMaster: no tp?
(73:02 / All) Teelo: leaving the leaver to die
(73:15 / All) LePokeMaster: muthafucker stilll gotta bypass pink
(73:15 / All) Teelo: yellow left, pink isnt talking
(73:18 / All) Teelo: i think pink is afk
(73:18 / All) LePokeMaster: or can just afk
(73:23 / All) LePokeMaster: omfg
(73:33 / All) LePokeMaster: gonna have to double ulti
(73:34 / Allies) GodDamnSnack: no im here
(73:53 / All) Teelo: ah sorry hes here
(74:00 / All) LePokeMaster: hi pink
(74:05 / All) GodDamnSnack: ello
(74:08 / All) LePokeMaster: do u tower every game?
(74:14 / Allies) GodDamnSnack: not every game
(74:17 / All) GodDamnSnack: not every game
(74:33 / All) LePokeMaster: this is ridikurus
(74:43 / All) LePokeMaster: wut r u even saving for
(74:45 / All) TomBradyTheKing: me and pink have had better
(75:04 / All) LePokeMaster: u said pink would tk
(75:17 / All) TomBradyTheKing: lol it might still happen
(75:24 / All) LePokeMaster: trollpink
(75:27 / All) GodDamnSnack: probably not though
(75:28 / All) GodDamnSnack: :D
(75:33 / All) LePokeMaster: ironically i am orc
(75:50 / All) LePokeMaster: tp?
(78:02 / All) TomBradyTheKing: need no upkeep to stok gold
(78:10 / All) Teelo: and I have no upkeep
(78:18 / All) Teelo: ive got 11k gold, pinks got 20k
(78:50 / All) LePokeMaster: u playin on hittin us any time soon?
(78:56 / All) Teelo: up to pink
(79:02 / All) LePokeMaster: pink?
(80:55 / All) LePokeMaster: gonna get even slower
(81:18 / All) LePokeMaster: wut now
(81:19 / All) Teelo: so uh pink, what do you want me to do? heh
(81:41 / All) GodDamnSnack: w/e
(86:01 / All) TomBradyTheKing: dood no
(86:11 / All) Teelo: hmm?
(86:14 / All) TomBradyTheKing: u got to finish this go get a soda
(86:30 / All) TomBradyTheKing: i drank to monsters
(86:39 / All) GodDamnSnack: oh thats funnt
(86:42 / All) GodDamnSnack: funny
(86:44 / All) GodDamnSnack: so did i
(89:50 / All) TomBradyTheKing: lol got ya
(89:56 / All) Teelo: yeah :/
(90:12 / All) Teelo: nice idea stacking elven boots from the market place though
(90:28 / All) TomBradyTheKing: lol done this many times before
(94:12 / Allies) GodDamnSnack: yo oj
(94:14 / Allies) GodDamnSnack: you there?
(94:16 / Allies) Teelo: sup
(94:27 / Allies) Teelo: yeah man
(94:32 / Allies) GodDamnSnack: you should get a ton og wisps on lumber and feed it to me :D
(94:36 / All) GodDamnSnack: of
(94:38 / All) LePokeMaster: gg
(94:45 / Allies) Teelo: will do
(94:49 / Allies) Teelo: where are some trees BEHIND your towers
(95:36 / All) GodDamnSnack: ty
(100:06 / Allies) Teelo: see a strat chim anywhere? cant find where i put it
(100:09 / Allies) Teelo: not the one by my roosts
(100:31 / All) GodDamnSnack: nope
(102:11 / All) LePokeMaster: this is sad
(102:17 / All) Teelo: welcome to RT
(102:22 / All) irtarded: lol
(102:31 / All) LePokeMaster: rt?
(103:55 / All) GodDamnSnack: fuckin 6 hp
(104:05 / All) LePokeMaster: like a boss
(104:25 / All) LePokeMaster: omg cloud
(104:30 / All) LePokeMaster: took an hour to think of it
(104:46 / All) LePokeMaster: the depressing life of a gamer
(107:02 / All) LePokeMaster: fuck u had to bring chims to slow down progress
(107:09 / Allies) Teelo: stun it!
(107:14 / All) GodDamnSnack: no mana
(107:26 / Allies) Teelo: ty
(107:35 / All) GodDamnSnack: np
(108:17 / All) LePokeMaster: longest game in the history of long games
(108:25 / All) Teelo: ive seen longer on full scale assault
(108:30 / All) LePokeMaster: kinda almost an ave korean game
(109:16 / All) GodDamnSnack: ty
(122:58 / All) TomBradyTheKing: who wants my ggold
(123:35 / All) TomBradyTheKing: want control of my gold i am leaving
(124:10 / Allies) Teelo: what the hell
(124:17 / All) Teelo: lol now hes started tking
(124:20 / All) Teelo: guess hes bored
(124:25 / All) TomBradyTheKing: told u
(124:35 / All) LePokeMaster: u fucking srs?
(124:36 / All) Teelo: was impressive, thats a lot of towers, heh
(124:39 / All) LePokeMaster: NOW?
(124:41 / All) TomBradyTheKing: i am leaving
(124:42 / All) LePokeMaster: NOW HES BORED?
(124:46 / All) TomBradyTheKing: want my gold
(124:52 / All) Teelo: but yeah... why didnt you cloud his towers and bum rush
(125:06 / All) irtarded: units target active targets
(125:09 / All) LePokeMaster: purp controlling humans
(125:10 / All) irtarded: was a pain in the ass
(125:10 / All) TomBradyTheKing: we ar nooob dont question it
(125:16 / All) Teelo: lolk
(125:17 / All) LePokeMaster: no u are
(125:19 / All) Teelo: Ok boys
(125:31 / All) Teelo: Im going to post this replay on http://highper.ch
(125:35 / All) Teelo: go check it out in about 5min
(125:39 / All) LePokeMaster: wtf is that
(125:41 / All) TomBradyTheKing: lol
(125:47 / All) irtarded: gaypornsite
(125:49 / All) Teelo: gg all, long fun game
(125:53 / All) LePokeMaster: rpolly is
(125:58 / All) TomBradyTheKing: me and pink are in the same room make in this shit hapen
(126:09 / All) Teelo: no its just an average replay site
(126:11 / All) Teelo: night all
(126:12 / All) LePokeMaster: thahts just sad